 Dungeon Crawl Stone Soup version 0.28-a0-247-gb8bfbab023 (webtiles) character file.

Game seed: 2828264043126387160

98 robertstho the Magician (level 5, -1/37 HPs)
             Began as a Djinni Fire Elementalist on Aug 25, 2021.
             Slain by a gnoll (6 damage)
             ... on level 3 of the Dungeon.
             The game lasted 00:03:37 (3181 turns).

robertstho the Magician (Djinni Fire Elementalist)  Turns: 3181, Time: 00:03:37

Health: -1/37      AC:  2    Str:  7    XL:     5   Next: 1%
Gold:   67         EV: 11    Int: 17    God:
                   SH:  5    Dex: 14

rFire   + + .      SeeInvis .   b - +0 short sword
rCold   x . .      Faith    .   c - +2 buckler
rNeg    . . .      Spirit   .   a - +0 robe
rPois   ∞          Reflect  .   (no helmet)
rElec   .          Harm     .   (no cloak)
rCorr   .          Rampage  .   (no gloves)
Will    .....                   (boots unavailable)
Stlth   ++........              (no amulet)
HPRegen 0.12/turn               d - ring of willpower
MPRegen 0.00/turn               (no ring)

@: weak-willed, flying
A: sickness immunity, fire resistance 2, cold vulnerability 1, float, innate
caster, hp casting, extra vitality 1
a: no special abilities


You were on level 3 of the Dungeon.
You visited 1 branch of the dungeon, and saw 3 of its levels.

You collected 67 gold pieces.

Inventory:

Hand Weapons
 b - a +0 short sword (weapon)
Armour
 a - a +0 robe (worn)
 c - a +2 buckler (worn)
Jewellery
 d - a ring of willpower (left hand)
Scrolls
 e - 2 scrolls of acquirement
 j - a scroll of fear {unknown}
 l - a scroll of amnesia {unknown}
Potions
 f - a potion of curing
 h - a potion of might {unknown}
 k - a potion of mutation {unknown}
 m - 2 potions of degeneration {unknown}


   Skills:
 * Level 1.2 Fighting
 + Level 2.5 Dodging
 + Level 2.0 Stealth
 * Level 3.6 Spellcasting


You couldn't memorise any spells.
You knew the following spells:

 Your Spells              Type           Power      Damage    Failure   Level
a - Foxfire               Conj/Fire      60%        2x1d7     6%          1
b - Conjure Flame         Conj/Fire      15%        6-21      19%         3
c - Inner Flame           Hex/Fire       15%        N/A       19%         3
d - Sticky Flame          Conj/Fire      15%        2d4       52%         4
e - Fireball              Conj/Fire      7%         3d5       86%         5
f - Sandblast             Erth           30%        2d9       6%          1
g - Slow                  Hex            15%        N/A       10%         2
Your spell library was empty.

Dungeon Overview and Level Annotations

Branches:
Dungeon (3/15)

Altars:


Innate Abilities, Weirdness & Mutations

You are immune to sickness and miasma.
You are immune to poison.
Your flesh is very heat resistant. (rF++)
You are vulnerable to cold. (rC-)
You float through the air rather than walking.
You learn spells naturally, not from books.
Your magical power is your life essence.
You have superior vitality. (+4 HP)


Message History

The foxfire hits the gnoll.
The gnoll is moderately wounded.
The foxfire hits the gnoll.
The gnoll is moderately wounded.
Casting: Foxfire (safe; 6% risk of failure)
Press: ? - help, Q - select action, (/) - cycle Dir - look around, f - activate You conjure some foxfire!
A rat comes into view.
A quokka comes into view.
Unknown command.
The foxfire hits the gnoll.
The gnoll is heavily wounded.
The foxfire hits the gnoll but does no damage.
The gnoll is heavily wounded.
The gnoll hits you with a +0 whip.
Casting: Foxfire (safe; 6% risk of failure)
Press: ? - help, Q - select action, (/) - cycle Dir - look around, f - activate You conjure some foxfire!
The gnoll hits you with a +0 whip.
Unknown command.
The foxfire hits the gnoll but does no damage.
The gnoll is heavily wounded.
The foxfire hits the gnoll.
The gnoll is severely wounded.
Unknown command.
The gnoll hits you with a +0 whip!
The gnoll throws a stone.
The stone hits you.
The gnoll throws a stone.
The stone hits you. The gnoll misses you.
The gnoll throws a stone.
The stone hits you!
* * * LOW HITPOINT WARNING * * *
Okay, then.
This is a scroll of acquirement!
Something appears before you! The gnoll misses you.
As you read the scroll labelled UNU YBUVVACH, it crumbles to dust.
Magic quickly surges around you.
It was a scroll of vulnerability.
The gnoll closely misses you.
As you read the scroll labelled DAS DOASYSO, it crumbles to dust.
It is a scroll of identify.
f - a potion of curing The gnoll hits you with a +0 whip.
You die...

#..####.#######
...............
##...##.####### #.
#.########
#r.......(
#..########## ...
#r.#.........
...##gg#.#########
....#@.#.#.......#
.................#
##.#.....#.#.##.##
#.....#...##..#
.##.#..#.......#
...............#
####...#.#####...
#...#.# .. ##..#.#
.


You could see 2 gnolls, a quokka (weak-willed) and a rat (weak-willed).

Vanquished Creatures
  5 gnolls (D:2)
  An adder (D:2)
  6 endoplasms
  A giant cockroach (D:2)
  6 hobgoblins
  4 jackals (D:1)
  3 quokkas
  2 ball pythons (D:1)
  2 bats
  3 frilled lizards (D:1)
  3 goblins
  3 kobolds
  2 rats (D:2)
41 creatures vanquished.

Vanquished Creatures (others)
  183 foxfires
183 creatures vanquished.

Grand Total: 224 creatures vanquished

Notes
Turn   | Place    | Note
-------+----------+-------------------------------------------
     0 | D:1      | robertstho the Djinni Fire Elementalist began the quest for
                  | the Orb.
     0 | D:1      | Reached XP level 1. HP: 15/15 MP: 0/0
   504 | D:1      | Reached XP level 2. HP: 20/22 MP: 0/0
   907 | D:1      | Reached skill level 3 in Spellcasting
  1060 | D:1      | Reached XP level 3. HP: 21/26 MP: 0/0
  1060 | D:1      | Learned a level 1 spell: Sandblast
  1682 | D:2      | Reached skill level 1 in Fighting
  1682 | D:2      | Reached XP level 4. HP: 15/32 MP: 0/0
  2231 | D:2      | Found a faded altar of an unknown god.
  3127 | D:3      | Reached XP level 5. HP: 36/37 MP: 0/0
  3127 | D:3      | Learned a level 2 spell: Slow
  3179 | D:3      | Identified 3 scrolls of acquirement
  3179 | D:3      | Acquired a +1 double sword of draining
  3181 | D:3      | Slain by a gnoll

Illustrated notes

Levels and vault maps discovered:
D:1:      sevenhm_arrival_forest_fort_small_3, layout_loops_ring, minivault_14
D:2:      layout_basic, basic_ecumenical_altar
D:3:      layout_basic, fedhas_altar_2

Skill      XL: |  1  2  3  4 |
---------------+-------------+-----
Spellcasting   | 3 |  3.6
Fighting       | 1 |  1.2
Stealth        | 2 |  2.0
Dodging        | |  2.5

Action                   |  1- 3 |  4- 6 || total
-------------------------+-------+-------++-------
Melee: Short sword       |       |     3 ||     3
 Cast: Foxfire           |    71 |    52 ||   123
  Use: Scroll            |       |     3 ||     3
Armor: Robe              |     2 |     1 ||     3
Dodge: Dodged            |     3 |    10 ||    13
Block: Buckler           |     1 |     5 ||     6

Table legend: (Time is in decaauts)
 A = Elapsed time spent in this place.
 B = Non-inter-level travel time spent in this place.
 C = Inter-level travel time spent in this place.
 D = Time resting spent in this place.
 E = Time spent auto-exploring this place.
 F = Levels seen in this place.
 G = Mean time per level.
                   A        B        C        D        E       F      G
               +--------+--------+--------+--------+--------+-----+--------+
         Total |   3182 |   3059 |    123 |      0 |   2704 |   3 | 1060.7 |
       Dungeon |   3182 |   3059 |    123 |      0 |   2704 |   3 | 1060.7 |
               +--------+--------+--------+--------+--------+-----+--------+

Top non-repeatable levels by time:
     D:1: 1626 daAuts
     D:2: 1449 daAuts
     D:3: 105 daAuts
